Map: Ruins of Seras

Players

Pseudorandom

lIlIlIlIlI (Nina) - Winner!

  • Race: Protoss Protoss

VOD

Have the link to the VOD?

Description

Time

  • Played on: April 1, 2015, 11:31 p.m.
  • Length: 21:12
Show
View Real Time Build Order
Export as new Build Order

Pseudorandom Zerg 

Build Orders: Pool First, Lurkers 

Get SALT Encoding   

  12  0:01  Drone  
  13  0:07  Drone  
  14  0:18  Overlord  
  14  0:25  Drone, Extractor  
  15  0:38  Spawning Pool  
  15  0:41  Drone  
  15  0:47  Drone  
  16  0:51  Drone  
  16  0:54  Drone  
  18  1:06  Drone  
  19  1:18  Hatchery  
  18  1:26  Queen  
  18  1:30  Zergling x2  
  21  1:34  Drone  
  21  1:38  Extractor  
  21  1:42  Overlord  
  21  1:55  Drone  
  21  2:00  Drone  
  23  2:02  Queen  
  25  2:12  Overlord  
  25  2:23  Drone  
  26  2:32  Drone  
  26  2:33  Drone x4  
  31  2:37  Drone  
  31  2:40  Metabolic Boost  
  32  2:56  Drone x2  
  32  2:57  Drone x2  
  35  3:07  Overlord  
  35  3:11  Zergling x2  
  35  3:12  Zergling x8  
  40  3:18  Lair, Zergling x2  
  41  3:22  Zergling x2, Extractor  
  41  3:23  Extractor  
  41  3:25  Zergling x2  
  41  3:31  Drone  
  42  3:34  Drone  
  42  3:40  Drone x2  
  45  3:41  Drone  
  45  3:42  Drone x3  
  45  3:43  Drone x2  
  51  3:50  Overlord  
  51  3:57  Overlord  
  51  3:58  Overlord  
  46  4:21  Hatchery  
  43  4:24  Drone, Hydralisk Den  
  43  4:27  Spore Crawler  
  43  4:29  Drone  
  43  4:30  Drone x7  
  50  4:36  Spore Crawler  
  48  4:39  Zergling x2  
  48  4:40  Zergling x2  
  51  4:45  Drone x2  
  51  4:48  Extractor  
  51  4:51  Spore Crawler  
  50  4:54  Muscular Augments  
  50  4:55  Hydralisk  
  50  4:57  Hydralisk  
  54  5:09  Hydralisk x3  
  60  5:30  Hydralisk x3  
  60  5:32  Overlord  
  60  5:33  Drone  
  67  5:48  Hydralisk x2  
  71  5:54  Hydralisk x2  
  71  5:55  Lurker Den  
  75  5:58  Drone x2  
  77  6:08  Spore Crawler  
  76  6:11  Drone x2  
  76  6:17  Drone  
  76  6:18  Drone x2  
  81  6:20  Drone  
  82  6:31  Overlord x2  
  70  7:05  Hydralisk x8  
  94  7:10  Drone  
  94  7:11  Drone x3  
  98  7:20  Overlord x2  
  90  7:24  Evolution Chamber, Lurker, Infestation Pit  
  90  7:26  Lurker x5  
  94  7:30  Overlord x2, Drone  
  94  7:31  Drone x2  
  94  7:33  Zergling x2  
  98  7:47  Hatchery  
  98  7:50  Zerg Missile Weapons Level 1  
  97  7:53  Zergling x2  
  97  7:54  Zergling x12  
  96  8:12  Drone x2  
  81  8:21  Zergling x12  
  79  8:34  Drone x3  
  79  8:35  Drone  
  77  8:43  Drone x3  
  71  8:57  Hive  
  69  9:04  Hydralisk  
  69  9:05  Hydralisk x6  
  77  9:30  Hydralisk  
  77  9:31  Hydralisk x5  
  79  9:35  Drone  
  79  9:38  Drone x2  
  89  9:48  Zerg Missile Weapons Level 2  
  83  9:53  Drone x3  
  83  9:54  Drone  
  83  9:56  Drone x2  
  83  9:57  Drone  
  83  9:58  Drone  
  91  10:13  Drone  
  86  10:18  Zergling x2  
  86  10:21  Seismic Spines  
  87  10:23  Drone x2  
  87  10:25  Hydralisk x3  
  87  10:27  Drone x3  
  92  10:33  Drone x3  
  92  10:34  Drone  
  96  10:37  Drone x2  
  96  10:40  Lurker x3, Extractor  
  96  10:41  Lurker x2, Extractor  
  98  10:54  Lurker  
  98  10:55  Lurker x5  
  96  11:02  Spine Crawler  
  96  11:04  Spine Crawler  
  93  11:05  Spine Crawler x3  
  93  11:07  Drone x3, Spine Crawler  
  93  11:08  Lurker  
  93  11:09  Lurker, Queen  
  96  11:30  Hydralisk x7  
  110  11:33  Drone x2  
  110  11:36  Drone  
  110  11:39  Zergling x2  
  114  11:42  Hydralisk x2  
  114  11:43  Evolution Chamber  
  117  11:51  Drone x5  
  117  11:52  Drone  
  113  11:58  Pneumatized Carapace  
  113  12:00  Drone x2  
  115  12:07  Zerg Missile Weapons Level 3  
  115  12:13  Zerg Ground Armor Level 1  
  110  12:28  Drone  
  110  12:29  Drone x5  
  110  12:46  Drone x4  
  110  12:49  Drone x2  
  116  12:51  Hydralisk  
  117  13:06  Extractor x2  
  98  13:12  Hydralisk  
  98  13:13  Hydralisk x7  
  118  13:25  Lair  
  105  13:40  Drone x2  
  107  13:50  Hydralisk x3  
  107  13:51  Hydralisk x7  
  127  14:01  Hatchery  
  121  14:15  Drone x4  
  125  14:20  Zerg Melee Weapons Level 1  
  125  14:22  Zergling x2  
  125  14:24  Swarm Host  
  126  14:25  Overlord  
  126  14:26  Overlord x2  
  126  14:29  Hive  
  124  14:48  Lurker x4  
  124  14:49  Hydralisk  
  124  14:51  Hatchery, Lurker  
  124  14:52  Lurker x2, Zergling x2  
  133  14:53  Zergling x12  
  136  15:00  Hatchery  
  136  15:04  Drone x5  
  140  15:15  Zergling x6  
  143  15:26  Overlord x2  
  143  15:27  Swarm Host x2  
  151  15:41  Zergling x6  
  154  15:45  Overlord x2  
  154  16:06  Flying Locusts  
  154  16:08  Extractor  
  154  16:10  Extractor  
  130  16:22  Zerg Ground Armor Level 2  
  130  16:23  Zerg Melee Weapons Level 2  
  100  16:41  Hydralisk  
  100  16:42  Hydralisk x8  
  100  16:43  Zergling x6  
  121  16:49  Hydralisk  
  120  16:58  Lurker  
  120  16:59  Zergling x2  
  120  17:00  Zergling x8  
  126  17:06  Spore Crawler  
  126  17:07  Spore Crawler x2  
  117  17:19  Zergling x14  
  93  17:31  Zergling x18  
  100  17:39  Lurker x5  
  100  17:42  Zergling x14  
  100  17:43  Zergling x2  
  98  17:52  Zergling x6  
  88  18:09  Zergling x2  
  88  18:10  Zergling x20  
  89  18:18  Queen x2  
  89  18:19  Queen  
  92  18:37  Hatchery  
  80  18:44  Hydralisk x7  
  84  19:05  Hydralisk x3  
  84  19:06  Zergling x10  
  84  19:07  Queen  
  88  19:31  Zergling x24  
  85  19:36  Lurker x2  
  93  19:58  Lurker x2  
  88  20:03  Zergling x6  
  88  20:04  Zergling x16  
  96  20:22  Spore Crawler  
  79  20:35  Hydralisk x2  
  71  20:36  Hydralisk x6  
Show
View Real Time Build Order
Export as new Build Order

lIlIlIlIlI Protoss - Winner!

Build Orders: Nexus First, Oracle Opening, Oracle Opening 

Get SALT Encoding   

  12  0:01  Probe  
  13  0:14  Pylon  
  13  0:18  Probe  
  14  0:32  Probe (Chrono Boost)  
  15  0:42  Probe (Chrono Boost)  
  16  0:57  Nexus  
  16  1:06  Gateway  
  16  1:10  Probe (Chrono Boost)  
  18  1:20  Probe (Chrono Boost), Assimilator  
  18  1:25  Assimilator  
  18  1:28  Probe (Chrono Boost)  
  19  1:37  Pylon  
  20  1:40  Probe (Chrono Boost)  
  20  1:49  Probe (Chrono Boost)  
  21  1:57  Probe  
  21  1:58  Cybernetics Core  
  21  2:11  Probe x2 (Chrono Boost)  
  25  2:23  Probe (Chrono Boost)  
  25  2:26  Probe (Chrono Boost)  
  25  2:29  Probe (Chrono Boost)  
  26  2:35  Mothership Core (Chrono Boost), Warp Gate  
  28  2:39  Stalker  
  28  2:40  Probe (Chrono Boost)  
  31  2:50  Probe (Chrono Boost)  
  32  2:52  Probe (Chrono Boost)  
  32  2:57  Probe  
  34  3:00  Stargate  
  34  3:01  Probe (Chrono Boost)  
  35  3:08  Pylon  
  35  3:09  Probe (Chrono Boost)  
  38  3:12  Sentry  
  38  3:14  Probe (Chrono Boost)  
  38  3:17  Assimilator  
  38  3:18  Assimilator  
  40  3:21  Probe (Chrono Boost)  
  40  3:23  Probe (Chrono Boost)  
  40  3:26  Gateway  
  41  3:28  Probe  
  41  3:34  Probe  
  43  3:36  Gateway  
  43  3:40  Probe (Chrono Boost)  
  44  3:45  Oracle (Chrono Boost)  
  48  3:50  Probe (Chrono Boost)  
  48  3:52  Probe (Chrono Boost)  
  48  3:53  Pylon  
  49  4:01  Probe (Chrono Boost)  
  50  4:11  Probe  
  50  4:13  Oracle  
  52  4:17  Probe  
  52  4:23  Probe  
  52  4:25  Robotics Facility  
  52  4:26  Pylon  
  52  4:29  Probe  
  53  4:35  Probe  
  54  4:40  Gateway  
  54  4:41  Sentry x2, Probe  
  59  4:47  Probe  
  60  4:53  Forge  
  60  4:54  Probe  
  60  4:56  Pylon  
  61  5:03  Gateway  
  61  5:07  Pylon  
  61  5:11  Probe  
  62  5:25  Probe  
  62  5:28  Protoss Ground Weapons Level 1, Robotics Bay  
  63  5:31  Photon Cannon  
  63  5:32  Warp Prism  
  63  5:33  Sentry x2  
  63  5:34  Probe  
  70  5:41  Pylon  
  70  5:43  Probe  
  70  5:47  Nexus  
  70  5:48  Photon Cannon  
  71  5:55  Pylon  
  71  6:06  Pylon  
  71  6:07  Probe  
  71  6:08  Zealot x2  
  80  6:22  Disruptor  
  80  6:24  Disruptor (Chrono Boost)  
  80  6:28  Probe, Photon Cannon  
  80  6:30  Zealot x2, Photon Cannon  
  85  6:36  Assimilator  
  85  6:39  Assimilator  
  85  6:44  Zealot x2  
  85  6:45  Zealot  
  84  7:04  Zealot x2  
  84  7:05  Zealot x2  
  92  7:13  Disruptor (Chrono Boost)  
  92  7:16  Probe  
  92  7:19  Probe  
  94  7:24  Protoss Shields Level 1  
  94  7:27  Disruptor  
  94  7:28  Twilight Council  
  94  7:39  Disruptor  
  94  7:44  Zealot  
  96  7:48  Pylon  
  96  7:49  Pylon x2  
  96  7:50  Disruptor x2  
  100  7:53  Disruptor (Chrono Boost)  
  100  7:55  Gravitic Drive (Chrono Boost)  
  100  7:57  Pylon  
  100  7:59  Gateway  
  100  8:02  Gateway  
  100  8:05  Disruptor  
  100  8:16  Zealot  
  100  8:17  Zealot x4  
  110  8:27  Disruptor (Chrono Boost)  
  110  8:29  Disruptor  
  106  8:37  Void Ray  
  106  8:40  Pylon  
  102  8:42  Stalker x3, Disruptor  
  99  9:03  Nexus  
  99  9:05  Disruptor  
  99  9:07  Disruptor  
  99  9:09  Probe  
  94  9:13  Stalker x4  
  102  9:22  Void Ray  
  98  9:26  Disruptor  
  91  9:44  Observer (Chrono Boost)  
  85  9:46  Stalker x4  
  85  10:11  Probe  
  85  10:12  Probe  
  83  10:14  Disruptor x2  
  83  10:17  Sentry x3, Pylon  
  83  10:19  Pylon  
  89  10:26  Probe  
  90  10:29  Sentry x2  
  94  10:50  Nexus  
  94  10:54  Void Ray (Chrono Boost)  
  98  11:00  Photon Cannon  
  98  11:11  Assimilator  
  102  11:12  Disruptor x2  
  102  11:13  Disruptor (Chrono Boost)  
  102  11:15  Assimilator  
  102  11:21  Zealot  
  104  11:33  Protoss Ground Weapons Level 2  
  104  11:38  Probe x2  
  110  11:41  Probe, Disruptor  
  110  11:43  Disruptor x2 (Chrono Boost)  
  111  11:50  Probe x2  
  113  11:57  Disruptor, Zealot  
  113  11:58  Zealot  
  117  12:15  Disruptor (Chrono Boost)  
  121  12:31  Disruptor x3  
  121  12:35  Disruptor x2  
  121  12:41  Zealot  
  121  12:42  Zealot x6  
  135  12:44  Probe x2  
  141  12:54  Disruptor (Chrono Boost)  
  141  12:55  Probe  
  141  12:57  Disruptor x2  
  134  13:16  Probe x2  
  134  13:17  Probe  
  134  13:18  Probe  
  136  13:20  Oracle  
  136  13:22  Disruptor  
  136  13:23  Pylon  
  135  13:28  Probe  
  135  13:45  Templar Archives, Nexus, Disruptor (Chrono Boost)  
  135  13:47  Pylon, Photon Cannon  
  135  13:52  Pylon  
  134  14:06  Stalker x3  
  134  14:07  Disruptor x4  
  134  14:08  Zealot x2  
  144  14:10  Blink  
  142  14:21  Disruptor  
  142  14:31  Disruptor (Chrono Boost)  
  138  14:51  Stalker x2  
  138  14:52  Stalker x4  
  146  15:07  Warp Prism (Chrono Boost)  
  146  15:10  Photon Cannon  
  146  15:11  Assimilator x2  
  146  15:24  Nexus  
  146  15:28  Pylon, High Templar x4  
  148  15:29  High Templar  
  148  15:30  Probe x2  
  148  15:32  Probe, Disruptor x4  
  159  15:39  Photon Cannon  
  159  15:41  Pylon, Archon x2, Photon Cannon  
  159  15:42  High Templar  
  161  15:43  Warp Prism  
  161  15:45  Protoss Ground Weapons Level 3 (Chrono Boost)  
  161  15:47  Pylon  
  161  15:59  Zealot  
  161  16:02  Archon  
  163  16:08  Pylon  
  159  16:15  Stalker  
  159  16:16  Stalker x4, Disruptor x2  
  160  16:21  Pylon  
  146  16:34  Stalker x2  
  146  16:39  Zealot  
  146  16:47  Disruptor x2  
  146  16:51  Probe  
  151  16:59  Disruptor (Chrono Boost)  
  151  17:01  Pylon  
  151  17:10  Stalker x5  
  151  17:11  Stalker x2  
  155  17:31  Photon Cannon  
  155  17:32  Photon Cannon  
  155  17:35  Disruptor, Zealot x3  
  155  17:36  Disruptor x3  
  159  17:38  Zealot x4  
  164  17:57  Stalker x3  
  170  18:01  Stalker  
  170  18:02  Stalker x3  
  176  18:05  Pylon  
  150  18:17  Colossus (Chrono Boost)  
  152  18:22  Zealot x4  
  160  18:37  Disruptor x4  
  160  18:39  Stalker x2  
  160  18:40  Stalker  
  152  18:46  Gateway  
  152  18:48  Gateway  
  142  18:51  Gateway  
  142  18:52  Gateway  
  142  18:59  Zealot x3  
  142  19:01  Stalker  
  148  19:05  Stalker x3  
  142  19:18  Disruptor x2  
  142  19:21  Stalker x3  
  142  19:22  Stalker x3  
  154  19:29  Colossus (Chrono Boost)  
  157  19:32  Psionic Storm  
  157  19:33  Charge (Chrono Boost)  
  157  19:37  Probe x5  
  162  19:38  Assimilator  
  162  19:40  Assimilator  
  162  19:46  Zealot  
  162  19:49  Probe x2, Photon Cannon  
  166  19:52  Disruptor x2  
  158  20:00  High Templar x2  
  158  20:01  High Templar x4  
  158  20:02  High Templar x4  
  158  20:05  Dark Shrine  
  178  20:07  Archon x3  
  178  20:08  Archon x2  
  178  20:13  Probe x2  
  180  20:14  Probe  
  180  20:20  Disruptor x2  
  177  20:36  Zealot x4  
  177  20:37  Zealot x5  
  177  20:38  Zealot x2  
  177  21:03  Stalker x2  
  177  21:04  Stalker x5  
  163  21:05  Stalker x2  
Tags
 
Add a new tag
Caveats
  • Supply blocks, unpowered buildings, or Contaminate may cause inaccurate times.
  • Supply counts are checked every 10 seconds.